 Dungeon Crawl Stone Soup version 0.20.1-1-g8b1a95d (webtiles) character file.

100 equalderp2856 the Skirmisher (level 4, -1/36 HPs)
             Began as a Mummy Fighter on Oct 23, 2017.
             Slain by a soldier ant (8 damage)
             ... in a sewer.
             The game lasted 00:05:07 (2307 turns).

equalderp2856 the Skirmisher (Mummy Fighter)        Turns: 2307, Time: 00:05:08

Health: -1/36      AC:  6    Str: 19    XL:     4   Next: 47%
Magic:  4/4        EV:  7    Int:  8    God:
Gold:   74         SH:  9    Dex: 11    Spells: 3/3 levels left

rFire    x . .     SeeInvis .   a - +0 war axe
rCold    + . .     Gourm    .   c - +0 shield
rNeg     + + +     Faith    .   b - +0 scale mail
rPois    ∞         Spirit   .   (no helmet)
rElec    .         Reflect  .   (no cloak)
rCorr    .         Harm     .   (no gloves)
MR       .....                  (no boots)
Stlth    ..........             (no amulet)
Regen    0.2/turn               (no ring)
MPRegen  0.1/turn               (no ring)

@: no status effects
A: no food or potions, fire vulnerability, cold resistance 1, negative energy
resistance 3, torment resistance, unbreathing
a: no special abilities


You were in a sewer.
You were not hungry.

You visited 1 branch of the dungeon, and saw 3 of its levels.
You also visited: Sewer.

You collected 74 gold pieces.

Inventory:

Hand Weapons
 a - a +0 war axe (weapon)
Armour
 b - a +0 scale mail (worn)
 c - a +0 shield (worn)
Jewellery
 k - an uncursed ring of flight {unknown}
Wands
 i - a wand of polymorph (0/24)
Scrolls
 d - 2 scrolls of amnesia {unknown}
 e - a scroll of identify {unknown}
 f - 3 scrolls of remove curse {unknown}
 g - a scroll of magic mapping {unknown}
 h - a scroll of recharging {unknown}
 j - a scroll of noise {unknown}
Books
 l - a book of Death

   Spells                             Type                      Level
   a - Corpse Rot                     Necromancy                   2
   b - Sublimation of Blood           Necromancy                   2
   c - Agony                          Necromancy                   5
   d - Dispel Undead                  Necromancy                   5
   e - Excruciating Wounds            Charms/Necromancy            5
   f - Bolt of Draining               Conjuration/Necromancy       5


   Skills:
 + Level 3.6 Fighting
 + Level 2.3 Axes
 + Level 2.8 Armour
 + Level 0.4 Dodging
 + Level 0.1 Stealth
 + Level 3.1 Shields


You had 3 spell levels left.
You didn't know any spells.

Dungeon Overview and Level Annotations

Branches:
Dungeon (3/15)

Altars:


Innate Abilities, Weirdness & Mutations

You do not eat or drink.
Your flesh is vulnerable to fire.
You are immune to poison.
Your flesh is cold resistant. (rC+)
You are immune to negative energy. (rN+++)
You are immune to unholy pain and torment.
You can survive without breathing.


Message History

The soldier ant barely misses you.
The soldier ant stings you but does no damage.
You barely miss the soldier ant.
The soldier ant is heavily wounded.
The soldier ant stings you but does no damage.
You hit the soldier ant.
The soldier ant is heavily wounded.
The soldier ant stings you! You block the soldier ant's attack.
You closely miss the soldier ant.
The soldier ant is heavily wounded.
You block the soldier ant's attack.
You barely miss the soldier ant.
The soldier ant is heavily wounded.
You block the soldier ant's attack.
You hit the soldier ant.
The soldier ant is severely wounded.
The soldier ant stings you!
* * * LOW HITPOINT WARNING * * *
The soldier ant stings you!
You die...

#.≈.# #≈..#
##..###≈.##
#...#≈..#
##.....##
#≈.≈≈.#
##...##
#..≈###
#/≈#≈#a.#
#??#.#$@#
#########


You could see a soldier ant.

Vanquished Creatures
  2 gnolls (D:2)
  An adder (D:3)
  An ooze (D:1)
  A worm (D:2)
  6 bats
  7 giant cockroaches
  4 goblins
  9 hobgoblins
  9 jackals
  2 ball pythons
  2 frilled lizards (D:2)
  11 kobolds
  4 rats
59 creatures vanquished.

Notes
Turn   | Place    | Note
-------+----------+-------------------------------------------
     0 | D:1      | equalderp2856 the Mummy Fighter began the quest for the Orb.
     0 | D:1      | Reached XP level 1. HP: 18/18 MP: 1/1
   192 | D:1      | Reached XP level 2. HP: 12/24 MP: 2/2
  1187 | D:2      | Reached XP level 3. HP: 24/29 MP: 3/3
  1656 | D:2      | Reached XP level 4. HP: 30/35 MP: 4/4
  2049 | D:3      | Found a glowing drain.
  2129 | Sewer    | Entered a sewer
  2255 | Sewer    | Noticed a crocodile
  2292 | Sewer    | Noticed a soldier ant
  2292 | Sewer    | a crocodile changed into a soldier ant
  2307 | Sewer    | Slain by a soldier ant

Skill      XL: |  1  2  3 |
---------------+----------+-----
Shields        | 3 |  3.1
Axes           | 2 |  2.3
Fighting       | |  3.6
Armour         | |  2.8
Dodging        | |  0.4
Stealth        | |  0.1

Action                   |  1- 3 |  4- 6 || total
-------------------------+-------+-------++-------
Melee: War axe           |   148 |    68 ||   216
Evoke: Wand              |       |     5 ||     5
Armor: Scale mail        |   125 |    32 ||   157
Dodge: Dodged            |    77 |    29 ||   106
Block: Shield            |   145 |    45 ||   190
